 Dungeon Crawl Stone Soup version 0.28-a0-909-g796cbd3a86 (webtiles) character file.

Game seed: 4353452681880738079

121 AarnesTheHuman the Slasher (level 4, -2/35 HPs)
             Began as a Demonspawn Gladiator on Nov 24, 2021.
             Slain by a river rat (5 damage)
             ... on level 3 of the Dungeon.
             The game lasted 00:04:24 (2465 turns).

AarnesTheHuman the Slasher (Demonspawn Gladiator)   Turns: 2465, Time: 00:04:24

Health: -2/35      AC: 11    Str: 16    XL:     4   Next: 76%
Magic:  4/4        EV:  7    Int:  9    God:
Gold:   84         SH:  0    Dex: 14    Spells: 3/3 levels left

rFire   + . .      SeeInvis .   a - +1 long sword
rCold   + . .      Faith    .   (no shield)
rNeg    . . .      Spirit   .   g - +1 chain mail {rPois}
rPois   +          Reflect  .   c - +0 helmet
rElec   .          Harm     .   n - scarf {rC+ rF+}
rCorr   .          Rampage  .   l - +0 pair of gloves
Will    .....                   (no boots)
Stlth   ..........              (no amulet)
HPRegen 0.11/turn               (no ring)
MPRegen 0.09/turn               (no ring)

@: no status effects
A: demonic magic 2
a: no special abilities


You were on level 3 of the Dungeon.
You visited 1 branch of the dungeon, and saw 3 of its levels.

You collected 84 gold pieces.

Inventory:

Hand Weapons
 a - a +1 long sword (weapon)
 b - a +0 hunting sling
Missiles
 d - 3 throwing nets (quivered)
 j - 36 stones
 p - 4 curare-tipped darts
 r - 25 poisoned darts
 t - 7 sling bullets
Armour
 c - a +0 helmet (worn)
 g - a +1 chain mail of poison resistance (worn)
 l - a +0 pair of gloves (worn)
 n - a scarf of resistance (worn)
 s - a +0 leather armour
Jewellery
 q - a +6 ring of intelligence
Scrolls
 e - a scroll of enchant weapon
 f - a scroll of identify
 i - a scroll of fog {unknown}
 k - a scroll of holy word {unknown}
Potions
 h - a potion of curing
 m - a potion of ambrosia {unknown}


   Skills:
 + Level 3.3 Fighting
 + Level 3.6 Long Blades
 - Level 1.7 Throwing
 + Level 2.1 Armour
 - Level 2.6 Dodging


You had 3 spell levels left.
You didn't know any spells.
Your spell library contained the following spells:

 Spells                   Type           Power      Damage    Failure   Level
 Sublimation of Blood     Necr           0%         N/A       100%        2
 Wereblood                Tmut           0%         N/A       100%        2
 Summon Hydra             Summ           0%         N/A       100%        7


Dungeon Overview and Level Annotations

Branches:
Dungeon (3/15)

Altars:

Portals:
Sewer: D:3

Annotations:
D:2 1 runed translucent door, exclusion: door, Crazy Yiuf


Innate Abilities, Weirdness & Mutations

Spells you cast may paralyse nearby enemies.


Message History

You kill the ball python!
There is a stone staircase leading up here.
Found a glowing drain.
A bat comes into view.
Found 27 sling bullets and a glowing agate ring.
The bat completely misses you.
You see here a +0 ring mail.
The bat hits you but does no damage.
You enter the shallow water.
Moving in this stuff is going to be slow.
The bat hits you but does no damage. x2
The bat closely misses you.
You enter the shallow water.
Moving in this stuff is going to be slow.
The bat hits you. The bat closely misses you.
You hit the bat.
You kill the bat!
No target in view!
A river rat comes into view.
The river rat barely misses you.
You closely miss the river rat. The river rat bites you!
The river rat bites you but does no damage.
You are too injured to fight recklessly!
You barely miss the river rat.
The river rat bites you but does no damage.
You barely miss the river rat.
The river rat bites you but does no damage.
You slash the river rat!
The river rat is severely wounded.
The river rat bites you.
* * * LOW HITPOINT WARNING * * *
You barely miss the river rat.
The river rat is severely wounded.
The river rat barely misses you.
You closely miss the river rat.
The river rat is severely wounded.
The river rat bites you!
* * * LOW HITPOINT WARNING * * *
The river rat bites you.
You die...

##............#
.#
...........####.#
....≈...[........
...##≈≈.≈≈##.##
.#.##≈≈.≈≈##.#
#.≈≈.....≈≈≈#
...≈≈.....≈≈.#
....≈≈..∩..≈≈.#
..#.≈≈.(..@≈≈=# #
#.≈≈....r≈≈.#
..##≈≈≈≈≈##.# ..
#≈≈≈≈≈# .#
.....≈.. .#
.##.##### #. #


You could see a river rat.

Vanquished Creatures
  A centaur skeleton (D:2)
  Jessica (D:2)
  An iguana (D:2)
  A dart slug (D:1)
  3 ball pythons
  4 bats
  2 endoplasms
  2 giant cockroaches
  A goblin (D:2)
  2 hobgoblins (D:1)
  7 jackals
  3 frilled lizards (D:1)
  4 kobolds
  9 rats
41 creatures vanquished.

Notes
Turn   | Place    | Note
-------+----------+-------------------------------------------
     0 | D:1      | AarnesTheHuman the Demonspawn Gladiator began the quest for
                  | the Orb.
     0 | D:1      | Reached XP level 1. HP: 16/16 MP: 1/1
   325 | D:1      | Gained mutation: Spells you cast may paralyse adjacent
                  | enemies. [demonic ancestry]
   325 | D:1      | Reached XP level 2. HP: 22/22 MP: 2/2
   597 | D:1      | Found a faded altar of an unknown god.
   815 | D:1      | Reached skill level 1 in Armour
  1439 | D:2      | Found a runed translucent door.
  1440 | D:2      | Noticed Crazy Yiuf
  1480 | D:2      | Gained mutation: Spells you cast may paralyse nearby
                  | enemies. [demonic ancestry]
  1480 | D:2      | Reached XP level 3. HP: 24/28 MP: 3/3
  1722 | D:2      | Noticed Jessica
  1737 | D:2      | Killed Jessica
  1738 | D:2      | Reached XP level 4. HP: 35/35 MP: 4/4
  2447 | D:3      | Found a glowing drain.
  2465 | D:3      | Slain by a river rat

Illustrated notes

Levels and vault maps discovered:
D:1:      evilmike_arrival_fibonacci_small, layout_basic, serial_rivers,
          chequers_serial_rivers_micro_d, chequers_serial_rivers_room_b,
          chequers_serial_rivers_micro_c, chequers_serial_rivers_room_b,
          chequers_serial_rivers_micro_e, chequers_serial_rivers_micro_a,
          ebering_ecumenical_altar_hall
D:2:      layout_basic, minmay_pentomino_w2, uniq_jessica,
          uniq_crazy_yiuf_cottage
D:3:      layout_basic, nemelex_spade_bored_becter, tso_oasis_becter,
          grunt_gozag_statues, cheibrodos_sewer_entry_sluice

Skill      XL: |  1  2  3  4 |
---------------+-------------+-----
Long Blades    | 3 |  3.6
Armour         | 1 2 |  2.1
Fighting       | 3 |  3.3
Throwing       | |  1.7
Dodging        | |  2.6

Action                   |  1- 3 |  4- 6 || total
-------------------------+-------+-------++-------
Melee: Long sword        |    84 |    36 ||   120
Throw: Dart              |     3 |       ||     3
  Use: Scroll            |       |     5 ||     5
Armor: Leather armour    |     9 |       ||     9
       Chain mail        |    54 |    25 ||    79
Dodge: Dodged            |    46 |    11 ||    57

Table legend: (Time is in decaauts)
 A = Elapsed time spent in this place.
 B = Non-inter-level travel time spent in this place.
 C = Inter-level travel time spent in this place.
 D = Time resting spent in this place.
 E = Time spent auto-exploring this place.
 F = Levels seen in this place.
 G = Mean time per level.
                   A        B        C        D        E       F      G
               +--------+--------+--------+--------+--------+-----+--------+
         Total |   2507 |   2344 |    163 |    179 |   1724 |   3 |  835.7 |
       Dungeon |   2507 |   2344 |    163 |    179 |   1724 |   3 |  835.7 |
               +--------+--------+--------+--------+--------+-----+--------+

Top non-repeatable levels by time:
     D:1: 1286 daAuts
     D:2: 1142 daAuts
     D:3: 77 daAuts
